AoeStats
← FirebirD

Arabia

509661153Analyzed
1v1 RM · 4d ago on Sep 27, 2026· 48m 24s· 2 players
Game mode
Random Map
Map size
Tiny (2 player)
Population
200
Speed
Normal
Resources
Standard
Victory
Conquest
Starting age
Dark Age
Ending age
Imperial Age
RankedLock teamsTeams togetherTeam positionsShared explorationLock speedFull tech treeHidden civsTurbo modeCheats
Victory
Defeat
🇪🇸 Inca · Spain
2011
+8
🇪🇸 Italians · Spain
1812
-8
TdB.DavidVJ
6:23 Loom
8:40 Feudal Age
9:20 Double-Bit Axe
13:34 Padded Archer Armor
13:27 Fletching
21:55 Castle Age
21:16 Padded Archer Armor
21:09 Horse Collar
21:21 Gold Mining
21:59 Crossbowman
22:35 Bodkin Arrow
22:48 Bodkin Arrow
23:18 Bow Saw
24:17 Ballistics
25:10 Leather Archer Armor
27:33 Heavy Plow
39:36 Imperial Age
38:57 Scale Mail Armor
39:07 Forging
38:55 Champi Runner
39:59 Squires
40:15 Chain Mail Armor
39:53 Champi Warrior
41:12 Bracer
42:56 Chemistry
43:14 Elite Champi Warrior
45:40 Plate Mail Armor
46:51 Iron Casting
48:10 Arson
FirebirD
6:27 Loom
9:17 Feudal Age
9:51 Double-Bit Axe
10:23 Horse Collar
19:26 Castle Age
18:35 Fletching
22:05 Bodkin Arrow
22:30 Crossbowman
24:18 Bow Saw
25:49 Wheelbarrow
25:51 Ballistics
37:40 Imperial Age
37:55 Heavy Plow
39:52 Chemistry
39:06 Bracer
41:48 Thumb Ring
44:11 Scale Barding Armor
44:17 Forging
45:12 Conscription
45:34 Bloodlines
45:25 Husbandry
45:29 Padded Archer Armor
46:25 Light Cavalry
48:30 Iron Casting
Connection lost

Rejoining the realm…

Still unreachable

The connection could not be restored.

Session expired

The server has moved on; the page needs a fresh start.